 Dungeon Crawl Stone Soup version 0.21.1-1-g345015f (webtiles) character file.

75 suicidejoker the Sneak (level 4, -3/29 HPs)
             Began as an Octopode Assassin on Apr 13, 2018.
             Slain by Sigmund
             ... wielding a +0 scythe
              (12 damage)
             ... on level 3 of the Dungeon.
             The game lasted 00:05:34 (2348 turns).

suicidejoker the Sneak (Octopode Assassin)          Turns: 2348, Time: 00:05:34

Health: -3/29      AC:  1    Str:  8 (11) XL:     4   Next: 31%
Magic:  13/13      EV: 13    Int: 10 (13) God:
Gold:   89         SH:  0    Dex: 10 (13) Spells: 2/4 levels left

rFire    . . .     SeeInvis .   a - +2 dagger
rCold    . . .     Gourm    +   (no shield)
rNeg     . . .     Faith    .   (helmet restricted)
rPois    .         Spirit   .   m - amulet of the gourmand
rElec    .         Reflect  .   i - ring of protection from magic
rCorr    .         Harm     .   p - ring of magical power
MR       +....                  (no ring)
Stlth    ++++......             (no ring)
HPRegen  0.09/turn              (no ring)
MPRegen  0.13/turn              (no ring)
                                (no ring)
                                (no ring)

@: lethally poisoned (-3 -> -8)
A: almost no armour, stealthy swim, amphibious, 8 rings, constrict 8, camouflage
1, gelatinous body 1
a: no special abilities


You were on level 3 of the Dungeon.
You were very hungry.

You visited 1 branch of the dungeon, and saw 3 of its levels.

You collected 89 gold pieces.

Inventory:

Hand Weapons
 a - a +2 dagger (weapon)
 b - a +0 blowgun
Missiles
 c - 4 poisoned needles
 d - 2 curare-tipped needles
 e - 134 stones (quivered)
 g - 25 arrows
Jewellery
 i - a ring of protection from magic (left tentacle)
 m - an amulet of the gourmand (around mantle)
 p - a ring of magical power (right tentacle)
Scrolls
 n - a scroll of identify
 q - 3 scrolls of remove curse
Potions
 h - a potion of flight
Books
 o - a book of Maledictions

   Spells                             Type                      Level
   a - Corona                         Hexes                        1
   b - Ensorcelled Hibernation        Hexes/Ice                    2
   c - Confuse                        Hexes                        3
   d - Tukima's Dance                 Hexes                        3
   e - Dazzling Spray                 Conjuration/Hexes            3
Comestibles
 f - 2 rations


   Skills:
 + Level 2.3 Fighting
 + Level 2.3 Short Blades
 - Level 2.0 Throwing
 + Level 1.5 Dodging
 * Level 7.0 Stealth
 + Level 0.5 Spellcasting


You had 2 spell levels left.
You knew the following spells:

 Your Spells              Type           Power        Failure   Level  Hunger
a - Ensorcelled Hibernat  Hex/Ice        #.....       50%         2    ###....


Dungeon Overview and Level Annotations

Branches:
Dungeon (3/15)

Altars:
Qazlal
Wu Jian

Annotations:
D:3 Lich's ghost, weakling OpWz; Sigmund


Innate Abilities, Weirdness & Mutations

You cannot wear most types of armour.
You are very stealthy in the water. (Stealth+)
You are amphibious.
You can wear up to eight rings at the same time.
You can use your tentacles to constrict eight enemies at once.
Your skin changes colour to match your surroundings (Stealth+).
Your rubbery body absorbs attacks. (AC +1, EV +1)


Message History

You hit the adder. Your grab misses the adder.
The adder is moderately wounded.
Sigmund barely misses you. The adder bites you.
The kobold throws a stone.
The stone completely misses you.
A dart slug comes into view.
You hit the adder but do no damage. You grab the adder.
The adder is moderately wounded.
You constrict the adder.
You feel sick. Sigmund barely misses you. The adder completely misses you.
You hit the adder.
You squeeze the adder, but do no damage.
The adder is heavily wounded.
You constrict the adder. The adder closely misses you.
Sigmund hits you from afar with a scythe!
The adder closely misses you.
You hit the quokka. Your grab misses the quokka.
The quokka is severely wounded.
You constrict the adder.
You feel sick.
Sigmund hits you from afar with a scythe!
You die...

#..........#
((.(...#####..........#
.w.........#..........#
.(....#.#............#
.(.....###..........#.
#(.....##.....<......
#.@................#.
#..Kr..............# ..
#..S@.#............# #.#
#.....(##............ ..##
##.###.##W#..#######.
...##..# #.##...# ###
#..#.## #.##..# #.####.#.#
#.##..# #....#...####..#..
#.##.##.....##.#.#
######.##..#.###>.#.#.####


You could see Sigmund, an adder, a dart slug, a quokka and a kobold.

Vanquished Creatures
  An adder (D:2)
  An ooze (D:3)
  3 worms
  2 dart slugs
  2 leopard geckos
  An orc (D:3)
  5 bats
  2 giant cockroaches
  6 goblins
  7 hobgoblins
  2 quokkas
  2 ball pythons (D:2)
  A frilled lizard (D:3)
  7 kobolds
  4 rats
46 creatures vanquished.

Notes
Turn   | Place    | Note
-------+----------+-------------------------------------------
     0 | D:1      | suicidejoker the Octopode Assassin began the quest for the Orb.
     0 | D:1      | Reached XP level 1. HP: 14/14 MP: 1/1
   169 | D:1      | Reached XP level 2. HP: 17/19 MP: 2/2
   185 | D:1      | Reached skill level 6 in Stealth
  1006 | D:2      | Reached XP level 3. HP: 14/24 MP: 3/3
  1367 | D:2      | Found an ornate altar of the Wu Jian Council.
  1481 | D:2      | Found a stormy altar of Qazlal.
  2040 | D:3      | Noticed Lich's ghost (weakling OpWz)
  2051 | D:2      | Learned a level 2 spell: Ensorcelled Hibernation
  2124 | D:3      | Reached XP level 4. HP: 29/29 MP: 4/4
  2301 | D:3      | Reached skill level 7 in Stealth
  2334 | D:3      | Noticed Sigmund
  2348 | D:3      | Slain by Sigmund

Skill      XL: |  1  2  3  4 |
---------------+-------------+-----
Stealth        | 6 7 |  7.0
Fighting       | |  2.3
Short Blades   | |  2.3
Throwing       | |  2.0
Dodging        | |  1.5
Spellcasting   | |  0.5

Action                   |  1- 3 |  4- 6 || total
-------------------------+-------+-------++-------
Melee: Dagger            |    82 |    12 ||    94
       Constrict         |    20 |     3 ||    23
       Tentacles         |    13 |     3 ||    16
 Fire: Blowgun           |       |    32 ||    32
  Use: Scroll            |     3 |       ||     3
       Potion            |     5 |     1 ||     6
 Stab: Sleeping          |    13 |       ||    13
  Eat: Chunk             |     3 |       ||     3
Armor: Skin              |     5 |     1 ||     6
Dodge: Dodged            |    37 |    14 ||    51
